 Dungeon Sprint DCSS version 0.19.3-4-gbf9329e (webtiles) character file.

137 Kagutsuchi the Slasher (level 5, -7/45 HPs)
             Began as a Draconian Berserker on Jan 28, 2017.
             Was a Follower of Trog.
             Mangled by a neqoxec (11 damage)
             ... in the Dungeon (Sprint II: "The Violet Keep of Menkaure").
             The game lasted 00:00:38 (33 turns).

Kagutsuchi the Slasher (Draconian Berserker)          Turns: 33, Time: 00:00:38

Health: -7/45      AC:  5    Str: 19    XL:     5   Next: 0%
Magic:  4/4        EV: 15    Int:  7    God:    Trog [*.....]
Gold:   0          SH:  0    Dex: 12    Spells: 0 memorised, 4 levels left

rFire  . . .     SeeInvis .     a - +0 falchion
rCold  . . .     Gourm    .     (armour unavailable)
rNeg   . . .     Faith    .     (no shield)
rPois  .         Spirit   .     (helmet restricted)
rElec  .         Reflect  .     (no cloak)
rCorr  .         Harm     .     (no gloves)
MR     .....     NoTele   +     (no boots)
Stlth  +.........               (no amulet)
                                (no ring)
                                (no ring)

@: exhausted, slowed, very slow
A: unfitting armour, frail 1, low mp 1, cold-blooded, subdued magic 1, AC +5
a: Berserk, Burn Spellbooks, Renounce Religion


You were in the Dungeon.
You worshipped Trog.
Trog was aware of your devotion.
You were not hungry.

You visited 1 branch

Inventory:

Hand Weapons
 a - a +0 falchion (weapon)
Scrolls
 h - a scroll of blinking
Potions
 e - a potion of haste
 f - 2 potions of magic
 g - a potion of berserk rage
Comestibles
 b - a bread ration


   Skills:
 + Level 6.8 Fighting
 + Level 6.8 Long Blades
 + Level 5.7 Dodging


You had 4 spell levels left.
You didn't know any spells.

Dungeon Overview and Level Annotations

Branches:
Dungeon (1/1)

Altars:


Innate Abilities, Weirdness & Mutations

Your plain brown scales are hard. (AC +5)
You cannot fit into any form of body armour.
You are cold-blooded and may be slowed by cold attacks.
You are frail. (-10% HP)
Your magical capacity is low. (-10% MP)
Your spells are a little easier to cast, but a little less powerful.


Message History

The ufetubus hits you.
The ufetubus hits you but does no damage. x2
The crimson imp hits you but does no damage.
The neqoxec closely misses you.
You hit the neqoxec but do no damage.
The neqoxec is severely wounded.
The ufetubus is engulfed in poison gas.
The ufetubus is poisoned.
The ufetubus dies!
The crimson imp hits you but does no damage.
The neqoxec hits you.
* * * LOW HITPOINT WARNING * * *
The crimson imp hits you but does no damage.
The neqoxec hits you!
* * * LOW HITPOINT WARNING * * *
You closely miss the neqoxec.
The neqoxec is severely wounded.
The obsidian statue slips into the dungeon's darkness for a moment.
The crimson imp completely misses you.
You riposte.
You barely miss the crimson imp. The neqoxec hits you!
You die...

##≈§§§§§≈
+≈≈§§§8§§
#§§≈§§§
#≈≈≈§≈
#'§'#+++
§§§.. ##§##
##.5@#
#.##3.# #
##.#### # ##.
##'# w##
#..w##.##.w.#
#+.<.+#
#..w##.##.#
##. #+# w# #
#


You could see an obsidian statue, a neqoxec and a crimson imp.

Vanquished Creatures
  A neqoxec (D)
1 creature vanquished.

Notes
Turn   | Place    | Note
-------+----------+-------------------------------------------
     0 | D        | Kagutsuchi the Draconian Berserker began the quest for the Orb.
     0 | D        | Reached XP level 1. HP: 19/19 MP: 1/1
     5 | D        | Noticed a tyrant leech
     5 | D        | Noticed a tyrant leech
     9 | D        | Noticed a neqoxec
    15 | D        | Killed a neqoxec
    15 | D        | Reached skill level 5 in Dodging
    15 | D        | Reached XP level 2. HP: 22/31 MP: 2/2
    15 | D        | Reached XP level 3. HP: 28/38 MP: 3/3
    15 | D        | Reached XP level 4. HP: 33/45 MP: 4/4
    15 | D        | Reached XP level 5. HP: 37/51 MP: 5/5
    19 | D        | Noticed an obsidian statue
    19 | D        | Noticed a neqoxec
    19 | D        | Gained mutation: Your spells are a little easier to cast, but a little less powerful. [a neqoxec]
    20 | D        | Gained mutation: Your magical capacity is low. (-10% MP) [a neqoxec]
    24 | D        | HP: 1/51 [ufetubus[a neqoxec] (4)]
    25 | D        | Noticed a neqoxec
    30 | D        | Gained mutation: You are frail. (-10% HP) [a neqoxec]
    33 | D        | Mangled by a neqoxec

Skill      XL: |  1 |
---------------+----+-----
Fighting       | 6 |  6.8
Long Blades    | 6 |  6.8
Dodging        | 5 |  5.7

Action                   |  1- 3 |  4- 6 || total
-------------------------+-------+-------++-------
Melee: Falchion          |     5 |     9 ||    14
       Tailslap          |     1 |     2 ||     3
Invok: Berserk           |     1 |       ||     1
  Use: Potion            |       |     2 ||     2
Armor: Skin              |       |    18 ||    18
Dodge: Dodged            |     2 |    47 ||    49
       Rpst.: Falchion   |     1 |    13 ||    14
